 Dungeon Crawl Stone Soup version 0.30.1-9-gdf580d7c3d (webtiles) character file.

Game seed: 3678841192012851352

367955 KittyFluff the Impregnable (level 22, -11/146 HPs)
             Began as a Gargoyle Berserker on Oct 19, 2023.
             Was the Champion of Trog.
             Mangled by a demonspawn corrupter
             ... wielding a +4 glaive
              (20 damage)
             ... while paralysed by a sphinx
             ... in a wizard's laboratory on Oct 20, 2023.
             The game lasted 04:02:17 (38599 turns).

KittyFluff the Impregnable (Gargoyle Berserker)    Turns: 38599, Time: 04:02:18

Health: -11/146    AC: 31    Str: 30      XL:     22   Next: 60%
Magic:  19/19      EV:  2    Int: 10      God:    Trog [******]
Gold:   1178       SH:  0    Dex:  9 (13) Spells: 21/21 levels left

rFire   . . .        u - +10 mace of Ciaxtyca {elec, Drain rElec rCorr Dex+4}
rCold   + + +        f - +2 kite shield {rC+}
rNeg    + . .        S - +0 plate armour of Caiweqoom {rC++ Str+2}
rPois   ∞            B - +1 hat {SInv}
rElec   +            x - +2 cloak {Will+}
rCorr   +            J - +3 pair of gauntlets of War {Slay+5}
SInv    +            h - +2 pair of boots {Stlth+}
Will    ++...        o - amulet of reflection Stlth
                     H - ring "Xekanecu" {rPois Slay+6}
HPRegen 0.44/turn    W - +5 ring of evasion
MPRegen 0.16/turn

%: reflection
@: paralysed, corroded, flying
A: sickness immunity, AC +16, big wings, negative energy resistance 1,
electricity resistance, torment resistance 1, petrification resistance, low MP
1, weak 1
}: 2/15 runes: decaying, gossamer
a: Renounce Religion, Berserk, Trog's Hand, Brothers in Arms


You were in a wizard's laboratory.
You worshipped Trog.
Trog was exalted by your worship.
You visited 6 branches of the dungeon, and saw 34 of its levels.
You visited the Abyss 1 time.
You also visited: Ossuary, Bailey and Wizlab.

You collected 3641 gold pieces.
You spent 2463 gold pieces at shops.

Inventory:

Hand Weapons
 b - a +2 eveningstar
 u - the +10 mace of Ciaxtyca (weapon) {elec, Drain rElec rCorr Dex+4}
   (You found it on level 3 of the Dungeon)

   Dex:       It affects your dexterity (+4).
   rElec:     It insulates you from electricity.
   rCorr:     It protects you from acid and corrosion.
   Drain:     It drains your maximum health when unequipped.
 P - the +7 sling of Capuruof {drain, Str+2 Dex+3 Stlth-}
   (You found it in a bailey)

   Str:       It affects your strength (+2).
   Dex:       It affects your dexterity (+3).
   Stlth:     It makes you less stealthy.
Missiles
 n - 37 poisoned darts (quivered)
 K - 4 javelins
Armour
 f - a +2 kite shield of cold resistance (worn)
 h - a +2 pair of boots of stealth (worn)
 m - a +2 scale mail of fire resistance
 x - a +2 cloak of willpower (worn)
 B - a +1 hat of see invisible (worn)
 E - a +2 plate armour of willpower
 J - the +3 pair of gauntlets of War (worn) {Slay+5}
   (You bought it in a shop on level 6 of the Dungeon)

   Slay:      It affects your accuracy & damage with ranged weapons and melee
   (+5).
 S - the +0 plate armour of Caiweqoom (worn) {rC++ Str+2}
   (You found it in a bailey)

   Str:       It affects your strength (+2).
   rC:        It greatly protects you from cold.
Jewellery
 o - an amulet of reflection (around neck)
 G - a ring of fire
 H - the ring "Xekanecu" (left hand) {rPois Slay+6}
   (You found it on level 5 of the Lair of Beasts)

   [ring of poison resistance]

   Slay:      It affects your accuracy & damage with ranged weapons and melee
   (+6).
   rPois:     It protects you from poison.
 M - a ring of protection from fire
 T - a ring of protection from cold
 W - a +5 ring of evasion (right hand)
 Z - a ring of willpower
Wands
 a - a wand of flame (115)
 v - a wand of charming (24)
 w - a wand of digging (8)
 O - a wand of roots (23)
 U - a wand of mindburst (25)
 V - a wand of acid (30)
Scrolls
 c - 6 scrolls of poison
 j - 3 scrolls of magic mapping
 k - 9 scrolls of fog
 p - 3 scrolls of blinking
 t - 10 scrolls of immolation
 y - 4 scrolls of fear
 N - 2 scrolls of torment
 Y - 3 scrolls of silence
Potions
 d - 6 potions of heal wounds
 l - 7 potions of lignification
 q - 7 potions of invisibility
 s - 13 potions of curing
 z - 8 potions of attraction
 A - 2 potions of resistance
 C - 2 potions of cancellation
 F - 13 potions of ambrosia
 I - 7 potions of mutation
 L - 8 potions of might
 Q - 6 potions of haste
Miscellaneous
 r - a phial of floods


   Skills:
 + Level 17.8 Fighting
 + Level 22.1 Maces & Flails
 - Level 23.2 Armour
 + Level 14.0 Dodging
 * Level 12.7 Shields
 + Level 6.0 Evocations


You had 21 spell levels left.
You didn't know any spells.
Your spell library was empty.

Dungeon Overview and Level Annotations

Branches:
Dungeon (15/15)            Temple (0/1) D:7            Lair (5/5) D:10
  Swamp (4/4) Lair:2       Spider (4/4) Lair:3        Slime (0/5) Lair:4
    Orc (2/2) D:11            Elf (0/3) Orc:2        Vaults (4/5) D:14
  Crypt (0/3) Vaults:2     Depths (0/4) D:15        Ossuary (visited)
 Bailey (visited)          WizLab (1/1)

Altars:
Cheibriados
Dithmenos
Elyvilon
Fedhas
Hepliaklqana
Kikubaaqudgha
Makhleb
Okawaru
Qazlal
Ru
Sif Muna
Vehumet
Wu Jian
Xom
Yredelemnul
Zin
The Shining One
Jiyva

Shops:
D:6 ?[[   D:8 ?   Orc:1 !   Orc:2 [*[*   Vaults:3 (=

Portals:
Trove: D:13 (show abyssal rune of Zot)

Annotations:
D:6 3 runed translucent doors, laqueoix's ghost, novice MfSu


Innate Abilities, Weirdness & Mutations

You are immune to sickness and miasma.
Your stone body is resilient. (AC +16)
You are immune to poison.
Your large and strong wings let you fly.
You resist negative energy. (rN+)
You are resistant to electric shocks. (rElec)
You are resistant to unholy torment.
You are immune to petrification.
Your magical capacity is low. (-10% MP)
You are weak. (Str -2)


Message History

The demonspawn corrupter is engulfed in spectral mist.
The demonspawn corrupter hits you from afar with a +1 demon trident of freezing.
* * * LOW HITPOINT WARNING * * *
You hear a shout!
The acid blob is engulfed in spectral mist. x2
The acid blob spits acid at you. The splash of acid hits you! You resist.
* * * LOW HITPOINT WARNING * * *
The white draconian stormcaller is engulfed in spectral mist.
The golden dragon is engulfed in spectral mist.
The sphinx hits you but does no damage. The sphinx hits you.
* * * LOW HITPOINT WARNING * * *
The sphinx hits you.
* * * LOW HITPOINT WARNING * * *
The demonspawn corrupter is engulfed in spectral mist.
The demonspawn corrupter hits you from afar with a +4 glaive!
* * * LOW HITPOINT WARNING * * *
The demonspawn corrupter is engulfed in spectral mist.
The demonspawn corrupter hits you from afar with a +1 demon trident of freezing!
* * * LOW HITPOINT WARNING * * *
The acid blob is engulfed in spectral mist.
The acid blob is engulfed in spectral mist.
The acid blob hits you but does no damage.
The white draconian stormcaller is engulfed in spectral mist.
The sphinx hits you but does no damage. The sphinx completely misses you.
The sphinx hits you but does no damage.
The acid blob is engulfed in spectral mist.
The demonspawn corrupter is engulfed in spectral mist.
The demonspawn corrupter hits you from afar with a +4 glaive.
* * * LOW HITPOINT WARNING * * *
The demonspawn corrupter is engulfed in spectral mist.
The demonspawn corrupter hits you but does no damage.
The acid blob is engulfed in spectral mist.
The acid blob dies!
The acid blob disappears in a puff of smoke!
The white draconian stormcaller is engulfed in spectral mist.
The sphinx barely misses you.
The sphinx hits you but does no damage. x2
The demonspawn corrupter is engulfed in spectral mist. x2
The demonspawn corrupter hits you from afar with a +4 glaive!!
You die...

####+# °z.°.# #6JD.#
#66§.# ##+##+####○#
+........H@# #..........#
#+########'#
#.....8....##########
#..........'!.!...!.#
###+#..8....8..'..~~~~..#
#...#..........#.~~~~~~.#
#...'....88..).#.~~~~~~.#
#...#..........#(!)))~..#


You could see a golden dragon (summoned), an acid blob (summoned), 3 demonspawn
corrupters, a sphinx and a revenant (summoned).

Vanquished Creatures
  Boris (Vaults:4)
  Bai Suzhen (Vaults:3)
  A profane servitor (Abyss:2)
  A tentacled monstrosity (Swamp:3)
  Jorgrun (Orc:1)
  Asterion (Spider:2)
  A thorn hunter (Swamp:4)
  2 tentacled starspawn (Abyss:2)
  Kirke (D:12)
  A sphinx (Vaults:4)
  A shadow dragon (Vaults:3)
  Roxanne (Spider:2)
  A nagaraja (WizLab)
  2 fire giants
  7 emperor scorpions
  3 ghost moths (Spider:4)
  10 vault wardens
  5 orc warlords
  2 deep elf sorcerers (WizLab)
  3 ironbound thunderhulks (Vaults:1)
  16 ironbound preservers
  2 very ugly things
  A war gargoyle (Vaults:1)
  5 broodmothers
  2 stone giants
  A deep elf demonologist (Vaults:2)
  5 eleionomae
  5 bunyips
  A deep elf annihilator (Vaults:3)
  A spark wasp (Spider:3)
  8 dire elephants
  An eidolon (Abyss:2)
  6 great orbs of eyes
  A merfolk javelineer (WizLab)
  Josephine (Orc:1)
  A deep elf high priest (Vaults:2)
  8 yaktaur captains
  The ghost of ChiefBigBeans the Fighter, a journeyman DrFE of Makhleb (D:10)
  A peacekeeper (Vaults:1)
  6 entropy weavers
  The ghost of pkoi the Tainter, a journeyman DrVM of Vehumet (D:10)
  A rakshasa (D:14)
  11 vault guards
  24 hydras
  A ghost crab (Swamp:2)
  A merfolk avatar (Lair:5)
  5 radroaches (Spider:4)
  Erolcha (D:11)
  9 ironbound frosthearts
  6 ogre magi
  A jorogumo (Spider:4)
  11 boulder beetles
  5 tengu warriors
  13 centaur warriors
  25 two-headed ogres
  6 alligators
  The ghost of bearlyready the Skirmisher, a journeyman KoHu of Gozag (D:11)
  2 death knights (Vaults:2)
  2 merfolk aquamancers (WizLab)
  9 death yaks (Lair:4)
  2 spriggan berserkers (Swamp:4)
  An orc high priest (Orc:1)
  Sonja (Lair:4)
  3 thrashing horrors (Abyss:2)
  A hell knight (WizLab)
  A deep elf knight (Vaults:2)
  5 skysharks
  4 pharaoh ants
  3 goliath frogs
  A sixfirhy (Abyss:2)
  35 deep trolls
  14 skeletal warriors
  5 sun moths
  3 spriggan druids
  9 orb spiders
  11 swamp dragons
  A bog body (Swamp:4)
  A glowing orange brain (WizLab)
  8 wizards
  18 ironbound convokers
  A swamp dragon (shapeshifter) (Vaults:3)
  7 steelbarb worms
  9 lindwurms
  A wolf spider zombie (D:15)
  6 harpies
  A sphinx zombie (Vaults:2)
  10 orc knights
  4 deep elf zephyrmancers
  3 necromancers
  4 orc sorcerers
  2 will-o-the-wisps
  38 wolf spiders
  4 deep elf pyromancers
  34 ugly things
  2 moths of wrath
  2 worldbinders (WizLab)
  6 manticores
  6 cyclopes
  A stone giant skeleton (Vaults:1)
  6 centaur zombies
  13 elephants
  2 human skeletons (Vaults:1)
  11 vault sentinels
  7 black mambas
  5 torpor snails
  A gargoyle (Bailey)
  12 demonic crawlers
  2 water nymphs (WizLab)
  13 cane toads
  9 komodo dragons
  10 rime drakes
  24 yaktaurs
  2 efreet
  A freezing wraith (Vaults:2)
  A redback zombie (D:13)
  2 wind drakes (Lair:5)
  12 meliai
  A hellwing (Abyss:2)
  An ancient zyme (Abyss:2)
  6 tyrant leeches
  5 hornets
  A hornet (shapeshifter) (D:14)
  10 polar bears
  A queen bee (Lair:2)
  13 trolls
  28 tarantellas
  19 blink frogs
  2 snapping turtles (Lair:5)
  4 meliai zombies (D:13)
  11 dream sheep
  20 slime creatures
  An ettin skeleton (Vaults:1)
  19 culicivoras
  22 jumping spiders
  Sigmund (D:6)
  2 spriggans (Swamp:4)
  45 yaks
  2 shadows
  An elf skeleton (Vaults:1)
  5 vampires
  8 wraiths
  A water elemental (D:14)
  7 starcursed masses (Abyss:2)
  17 wyverns
  5 hogs (D:12)
  7 basilisks
  43 redbacks
  A yaktaur simulacrum (Vaults:2)
  4 wargs
  22 vampire mosquitoes
  2 steam dragons
  8 swamp worms
  A large abomination (Abyss:2)
  A hell hound (Lair:4)
  14 water moccasins
  12 swamp drakes (Swamp:4)
  2 ice beasts
  28 orc warriors
  2 black bears
  25 ogres
  7 boggarts
  18 wolves
  13 centaurs
  6 phantoms
  12 bullfrogs
  2 elf zombies (Ossuary)
  A gnoll sergeant (D:8)
  4 scorpions
  7 wights
  31 killer bees
  7 vampire bats (Bailey)
  6 howler monkeys
  5 electric eels
  7 wolf zombies (Bailey)
  26 orc priests
  6 hounds
  4 human zombies
  A gnoll bouda (Lair:2)
  3 jellies
  Crazy Yiuf (D:3)
  4 iguanas
  Jessica (D:3)
  3 sleepcaps
  5 hell rats (Lair:4)
  22 orc wizards
  Ijyb (D:3)
  A boggart simulacrum (D:11)
  2 mummies (Ossuary)
  7 gnolls
  4 adders
  6 white imps
  2 ufetubi
  3 adder zombies (Ossuary)
  A worm (D:2)
  A dart slug (D:4)
  90 orcs
  3 bats
  6 endoplasms
  4 giant cockroaches
  14 goblins
  12 hobgoblins
  6 kobolds
  4 quokkas
  4 ball pythons
  2 frilled lizards (D:2)
  7 hobgoblin zombies (Ossuary)
  12 kobold zombies (Ossuary)
  37 orc zombies
  3 rats
1519 creatures vanquished.

Vanquished Creatures (collateral kills)
  A deep troll (Vaults:4)
  A jumping spider (Spider:2)
2 creatures vanquished.

Vanquished Creatures (others)
  2 wizards
  A bloated husk (Swamp:1)
  A hornet (Lair:5)
  A human (D:13)
  A boggart (Vaults:3)
  An orc (Orc:2)
  31 foxfires
  4 starspawn tentacles (Abyss:2)
42 creatures vanquished.

Grand Total: 1563 creatures vanquished

Notes
Turn   | Place    | Note
-------+----------+-------------------------------------------
     0 | D:1      | KittyFluff the Gargoyle Berserker began the quest for the
                  | Orb.
     0 | D:1      | Reached XP level 1. HP: 14/14 MP: 1/1
   314 | D:1      | Reached XP level 2. HP: 16/19 MP: 2/2
  1000 | D:2      | Reached XP level 3. HP: 17/23 MP: 3/3
  1233 | D:2      | Reached skill level 3 in Armour
  1414 | D:3      | Noticed Jessica
  1423 | D:3      | Killed Jessica
  1424 | D:3      | Reached XP level 4. HP: 18/29 MP: 4/4
  1470 | D:3      | Noticed a phantom
  1480 | D:3      | Killed a phantom
  1481 | D:3      | Reached XP level 5. HP: 29/33 MP: 5/5
  1663 | D:3      | Found an ornate altar of the Wu Jian Council.
  1709 | D:3      | Found a shimmering blue altar of Sif Muna.
  1851 | D:3      | Identified the +10 mace of Ciaxtyca {elec, Drain rElec
                  | rCorr Dex+4}
  1881 | D:3      | Reached skill level 4 in Armour
  1894 | D:3      | Found a burning altar of Makhleb.
  1946 | D:3      | Reached ** piety under Trog
  1947 | D:3      | Reached XP level 6. HP: 38/38 MP: 6/6
  1981 | D:3      | Noticed Ijyb
  1988 | D:3      | Killed Ijyb
  2150 | D:3      | Found a runed translucent door.
  2151 | D:3      | Noticed Crazy Yiuf
  2158 | D:3      | Killed Crazy Yiuf
  2677 | D:4      | Reached skill level 5 in Maces & Flails
  2677 | D:4      | Reached XP level 7. HP: 44/44 MP: 7/7
  2701 | D:4      | Reached skill level 5 in Armour
  3311 | D:5      | Entered Level 5 of the Dungeon
  3331 | D:5      | Found a glowing golden altar of the Shining One.
  3333 | D:5      | Noticed an angel
  3344 | D:5      | Found a basalt altar of Yredelemnul.
  3346 | D:5      | Noticed a profane servitor
  3349 | D:5      | Identified the +10 dagger of Bulathask {heavy, rF+ rC+
                  | Str+2}
  3444 | D:5      | Found a snail-covered altar of Cheibriados.
  3506 | D:5      | Found a shimmering altar of Xom.
  3511 | D:5      | Found a shadowy altar of Dithmenos.
  3511 | D:5      | Found an iron altar of Okawaru.
  3511 | D:5      | Found a stormy altar of Qazlal.
  3598 | D:5      | Identified the +0 scale mail "Uneng" {rPois rN+ Regen+}
  3851 | D:5      | Found a blossoming altar of Fedhas.
  3857 | D:5      | Reached skill level 5 in Fighting
  3857 | D:5      | Reached XP level 8. HP: 45/49 MP: 8/8
  3993 | D:5      | Reached skill level 6 in Armour
  4460 | D:6      | Found Riunaof's Magic Scroll Shoppe.
  4552 | D:6      | Reached skill level 7 in Armour
  4632 | D:6      | Found Gujagic's Armour Emporium.
  4632 | D:6      | Noticed a shadow
  4636 | D:6      | Killed a shadow
  4667 | D:6      | Found a sacrificial altar of Ru.
  4678 | D:6      | Reached XP level 9. HP: 52/55 MP: 9/9
  4725 | D:6      | Reached *** piety under Trog
  4759 | D:6      | Found a glowing silver altar of Zin.
  4805 | D:6      | Found Woeczia's Armour Shoppe.
  4807 | D:6      | Noticed Sigmund
  4811 | D:6      | Killed Sigmund
  4922 | D:6      | Found a runed translucent gate.
  4922 | D:6      | Found a runed translucent gate.
  4922 | D:6      | Noticed a spectral unseen horror
  4928 | D:6      | Reached skill level 8 in Armour
  4933 | D:6      | Found a runed translucent gate.
  5112 | D:6      | Noticed laqueoix's ghost (novice MfSu)
  5153 | D:7      | Found an ancient bone altar of Kikubaaqudgha.
  5156 | D:7      | Found a hazy altar of Hepliaklqana.
  5286 | D:7      | Found a sand-covered staircase.
  5294 | Ossuary  | Entered an ossuary
  5373 | Ossuary  | Reached **** piety under Trog
  5617 | D:7      | Found a staircase to the Ecumenical Temple.
  5691 | D:7      | Noticed a manticore
  5707 | D:7      | Reached skill level 9 in Armour
  5720 | D:7      | Killed a manticore
  5721 | D:7      | Reached skill level 5 in Dodging
  5721 | D:7      | Reached XP level 10. HP: 19/63 MP: 10/10
  6077 | D:7      | Reached ***** piety under Trog
  6580 | D:8      | Found a flagged portal.
  6599 | Bailey   | Entered a bailey
  6767 | Bailey   | Noticed a gargoyle
  6788 | Bailey   | Killed a gargoyle
  6788 | Bailey   | Received a gift from Trog
  6898 | Bailey   | Reached skill level 10 in Armour
  6983 | Bailey   | Identified the +7 sling of Capuruof {drain, Str+2 Dex+3
                  | Stlth-}
  7232 | Bailey   | Identified the +1 ring mail "Septerum" {rElec}
  7234 | Bailey   | Identified the +0 plate armour of Caiweqoom {rC++ Str+2}
  7236 | Bailey   | Identified the +1 leather armour of a ziggurat {rPois SInv}
  7775 | D:8      | Found Idas's Magic Scroll Boutique.
  7850 | D:8      | Bought a scroll of teleportation for 36 gold pieces
  8163 | D:9      | Noticed a purple ugly thing
  8175 | D:9      | Killed a purple ugly thing
  8176 | D:9      | Reached skill level 10 in Maces & Flails
  8176 | D:9      | Reached XP level 11. HP: 61/68 MP: 11/11
  8452 | D:9      | Reached skill level 11 in Armour
  8871 | D:10     | Entered Level 10 of the Dungeon
  8993 | D:10     | Found a runed translucent gate.
  8994 | D:10     | Found a runed translucent gate.
  8995 | D:10     | Found a runed translucent gate.
  8996 | D:10     | Noticed ChiefBigBeans's ghost (journeyman DrFE)
  8997 | D:10     | Noticed pkoi's ghost (journeyman DrVM)
  9034 | D:10     | Found a staircase to the Lair.
  9483 | D:10     | Noticed a cyclops
  9492 | D:10     | Killed a cyclops
  9666 | Lair:1   | Entered Level 1 of the Lair of Beasts
  9693 | Lair:1   | Received a gift from Trog
  9768 | Lair:1   | Reached skill level 12 in Armour
 10058 | Lair:1   | Reached XP level 12. HP: 75/76 MP: 12/12
 10380 | Lair:1   | Identified the +10 trident of Profit {heavy, Int+2}
 10413 | Lair:1   | Found a sacrificial altar of Ru.
 10772 | Lair:2   | Found a staircase to the Swamp.
 11159 | Lair:2   | Reached skill level 13 in Armour
 11378 | Lair:2   | Reached ****** piety under Trog
 11501 | Lair:3   | Found a hole to the Spider Nest.
 11564 | Lair:3   | Noticed an eight-headed hydra
 11583 | Lair:3   | Killed an eight-headed hydra
 11584 | Lair:3   | Reached skill level 10 in Fighting
 11609 | Lair:3   | Noticed a skyshark
 11620 | Lair:3   | Killed a skyshark
 11765 | Lair:3   | Received a gift from Trog
 11766 | Lair:3   | Reached XP level 13. HP: 82/82 MP: 13/13
 11884 | Lair:3   | Reached skill level 14 in Armour
 12276 | Lair:4   | Noticed Sonja
 12759 | Lair:4   | You fall into a shaft and drop 1 floor!
 12759 | Lair:5   | Entered Level 5 of the Lair of Beasts
 12860 | Lair:4   | Received a gift from Trog
 12861 | Lair:4   | Reached skill level 15 in Armour
 12884 | Lair:4   | Gained mutation: Your large and strong wings let you fly.
                  | [Gargoyle growth]
 12884 | Lair:4   | Reached XP level 14. HP: 39/90 MP: 14/14
 12931 | Lair:4   | Killed Sonja
 13166 | Lair:4   | Found a viscous altar of Jiyva.
 13166 | Lair:4   | Found a staircase to the Slime Pits.
 14217 | Lair:5   | Received a gift from Trog
 14243 | Lair:5   | Reached skill level 16 in Armour
 14462 | Lair:5   | Reached skill level 15 in Maces & Flails
 15141 | Lair:5   | Identified the ring "Xekanecu" {rPois Slay+6}
 15147 | Lair:5   | Identified the staff of air "Onuofim" {rElec rF+ Dex+3}
 15345 | D:10     | Killed ChiefBigBeans's ghost
 15358 | D:10     | Killed pkoi's ghost
 15359 | D:10     | Reached XP level 15. HP: 72/96 MP: 15/15
 15545 | D:6      | Bought the +3 pair of gauntlets of War {Slay+5} for 522
                  | gold pieces
 15545 | D:6      | Found the +3 pair of gauntlets of War {Slay+5}
 15598 | D:6      | Bought a scroll of identify for 28 gold pieces
 15598 | D:6      | Bought a scroll of identify for 28 gold pieces
 15713 | D:11     | Found a staircase to the Orcish Mines.
 15771 | D:11     | Noticed Erolcha
 15843 | D:11     | Killed Erolcha
 16062 | D:11     | Found a white marble altar of Elyvilon.
 16104 | D:11     | Found a runed translucent door.
 16109 | D:11     | Noticed bearlyready's ghost (journeyman KoHu)
 16126 | D:11     | Killed bearlyready's ghost
 16309 | Orc:1    | Entered Level 1 of the Orcish Mines
 16356 | Orc:1    | Received a gift from Trog
 16570 | Orc:1    | Noticed Jorgrun
 16625 | Orc:1    | Killed Jorgrun
 16628 | Orc:1    | Noticed Josephine
 16642 | Orc:1    | Killed Josephine
 16653 | D:11     | Reached skill level 17 in Armour
 16771 | Orc:1    | Found Biakhuzu's Distillery.
 16865 | Orc:1    | Found a radiant altar of Vehumet.
 17055 | Orc:2    | Entered Level 2 of the Orcish Mines
 17185 | Orc:2    | Paralysed by an ogre mage for 5 turns
 17336 | Orc:2    | Received a gift from Trog
 17531 | Orc:2    | Noticed an orc warlord
 17631 | Orc:1    | Killed an orc warlord
 17906 | Orc:2    | Found Ytial's General Store.
 17906 | Orc:2    | Found Pawod's General Store.
 17906 | Orc:2    | Found Goren's Armour Shoppe.
 17906 | Orc:2    | Found Zos Hefyurch's Armour Shop.
 17972 | Orc:2    | Reached skill level 10 in Dodging
 18027 | Orc:2    | Found a staircase to the Elven Halls.
 18424 | D:6      | Bought a scroll of acquirement for 728 gold pieces
 18428 | D:6      | Acquired a manual of Armour
 18489 | D:8      | Bought a scroll of identify for 24 gold pieces
 18489 | D:8      | Bought a scroll of identify for 24 gold pieces
 18489 | D:8      | Bought a scroll of magic mapping for 90 gold pieces
 18489 | D:8      | Bought a scroll of identify for 24 gold pieces
 18492 | D:8      | Bought a scroll of identify for 24 gold pieces
 18492 | D:8      | Bought a scroll of poison for 48 gold pieces
 18685 | D:12     | Reached skill level 18 in Armour
 18685 | D:12     | Reached XP level 16. HP: 104/104 MP: 16/16
 19501 | D:13     | Noticed Kirke
 19724 | D:12     | Killed Kirke
 19983 | D:13     | Received a gift from Trog
 20186 | D:13     | Reached skill level 19 in Armour
 20300 | D:13     | Found a portal to a secret trove of treasure.
 21188 | D:14     | Found a gate to the Vaults.
 21245 | D:15     | Entered Level 15 of the Dungeon
 21348 | D:14     | Reached skill level 20 in Armour
 21654 | D:15     | Received a gift from Trog
 21841 | D:15     | Reached XP level 17. HP: 111/111 MP: 17/17
 21845 | D:15     | Found a staircase to the Depths.
 22221 | Abyss:2  | Cast into level 2 of the Abyss (a wizard)
 22237 | Abyss:2  | Noticed a tentacled starspawn
 22258 | Abyss:2  | Found a corrupted altar of Lugonu.
 22296 | Abyss:2  | Noticed a tentacled starspawn
 22305 | Abyss:2  | Killed a tentacled starspawn
 22313 | Abyss:2  | Paralysed by accursed screaming for 1 turns
 22351 | Abyss:2  | Reached skill level 1 in Shields
 22353 | Abyss:2  | Found a corrupted altar of Lugonu.
 22354 | Abyss:2  | Noticed a tentacled starspawn
 22362 | Abyss:2  | Noticed a profane servitor
 22364 | Abyss:2  | Killed a tentacled starspawn
 22367 | Abyss:2  | Found a corrupted altar of Lugonu.
 22367 | Abyss:2  | Found a corrupted altar of Lugonu.
 22394 | Abyss:2  | Killed a profane servitor
 22416 | D:15     | Escaped the Abyss
 22637 | D:15     | Found a basalt altar of Yredelemnul.
 22808 | Orc:2    | Bought a +2 pair of boots of stealth for 236 gold pieces
 22928 | Spider:1 | Entered Level 1 of the Spider Nest
 23563 | Spider:1 | Received a gift from Trog
 23586 | Spider:1 | Reached skill level 21 in Armour
 24016 | Spider:2 | Identified Roxanne's Tome of Configuration
 24016 | Spider:2 | Noticed Roxanne
 24825 | Spider:2 | Received a gift from Trog
 24898 | Spider:2 | Killed Roxanne
 25108 | Spider:3 | Noticed Asterion
 25114 | Spider:3 | Noticed an Executioner
 25171 | Spider:2 | Noticed an Executioner
 25187 | Spider:2 | Killed Asterion
 25188 | Spider:2 | Reached XP level 18. HP: 51/118 MP: 18/18
 25298 | Spider:3 | Reached skill level 5 in Shields
 25326 | Spider:3 | Reached skill level 15 in Fighting
 25834 | Spider:4 | Entered Level 4 of the Spider Nest
 25904 | Spider:4 | Received a gift from Trog
 26167 | Spider:4 | Gained mutation: You are weak. (Str -2) [mutagenic glow]
 26205 | Spider:4 | Gained mutation: Your magical capacity is low. (-10% MP)
                  | [mutagenic glow]
 26315 | Spider:4 | Reached skill level 22 in Armour
 26703 | Spider:4 | Identified the +2 chain mail of Vampiric Thralls {rF+
                  | Dex+2}
 27172 | Spider:4 | Got a gossamer rune of Zot
 27205 | Spider:4 | Reached XP level 19. HP: 124/124 MP: 9/17
 27308 | Spider:4 | Received a gift from Trog
 27460 | Swamp:1  | Entered Level 1 of the Swamp
 27643 | D:6      | Bought a scroll of teleportation for 42 gold pieces
 27795 | Orc:2    | Bought a scroll of teleportation for 39 gold pieces
 27796 | Orc:2    | Bought a scroll of teleportation for 45 gold pieces
 27796 | Orc:2    | Bought a potion of heal wounds for 75 gold pieces
 27887 | Swamp:1  | Reached XP level 20. HP: 131/131 MP: 18/18
 28544 | Swamp:2  | Identified the +12 long sword "Piel Voenn" {drain, rElec
                  | rCorr}
 29015 | Swamp:3  | Identified the +6 flail of Frustration {heavy, rCorr Str+4
                  | SInv}
 29357 | Swamp:3  | Identified the +1 leather armour "Biunn" {Str+4}
 29556 | Swamp:4  | Entered Level 4 of the Swamp
 30100 | Swamp:4  | Received a gift from Trog
 30509 | Swamp:4  | Identified the +3 leather armour "Kaike" {Contam rElec
                  | Dex+3 SInv}
 30559 | Swamp:4  | Identified the ring "Korph" {Ice rPois}
 30701 | Swamp:4  | Got a decaying rune of Zot
 30999 | Vaults:1 | Entered Level 1 of the Vaults
 31426 | Vaults:1 | Received a gift from Trog
 32023 | Vaults:1 | Reached XP level 21. HP: 110/137 MP: 18/18
 33268 | Vaults:1 | Identified the +10 hand axe of Courage {flame, Str+7} (Trog
                  | gifted it to you on level 1 of the Vaults)
 33268 | Vaults:1 | Received a gift from Trog
 33356 | Vaults:1 | Reached skill level 23 in Armour
 33864 | Vaults:2 | Reached skill level 10 in Shields
 34156 | Vaults:2 | Received a gift from Trog
 34292 | Vaults:2 | Found a staircase to the Crypt.
 36201 | Vaults:3 | Received a gift from Trog
 36216 | Vaults:3 | Reached XP level 22. HP: 119/145 MP: 19/19
 36517 | Vaults:3 | Found Hobuogeq's Weapon Shoppe.
 36548 | Vaults:3 | Noticed Bai Suzhen
 36569 | Vaults:3 | Killed Bai Suzhen
 36570 | Vaults:3 | Reached skill level 5 in Evocations
 36932 | Vaults:3 | Found Wyheled's Jewellery Shoppe.
 36948 | Vaults:3 | Bought an amulet of reflection for 450 gold pieces
 37764 | Vaults:4 | Noticed Boris
 37778 | Vaults:4 | Killed Boris
 37778 | Vaults:4 | Received a gift from Trog
 37841 | Vaults:4 | HP: 5/145 [orc knight/+0 battleaxe (11)]
 38168 | Vaults:4 | Found a magical portal.
 38187 | WizLab   | Entered Alistair's Party Mansion
 38595 | WizLab   | Noticed a golden dragon
 38596 | WizLab   | Paralysed by a sphinx for 5 turns
 38599 | WizLab   | Mangled by a demonspawn corrupter

Illustrated notes

Levels and vault maps discovered:
D:1:      tarquinn_simple_flora_water_c, layout_rooms
D:2:      layout_loops_corners, serial_rivers, chequers_serial_rivers_micro_d,
          chequers_serial_rivers_room_a, chequers_serial_rivers_small_b,
          chequers_serial_rivers_small_b, chequers_serial_rivers_small_a
D:3:      layout_loops_cross, lightli_temple_of_fire,
          mainiacjoe_overflow_big_doors, uniq_jessica, uniq_ijyb,
          uniq_crazy_yiuf_cottage
D:4:      layout_gridville, minmay_misc_feat_five, dk_noncrumbling_4,
          corexii_hall_statues_x
D:5:      layout_loops_corners, grunt_temple_overflow_holy_war,
          mainiacjoe_overflow_alcove_1, minitemple, mainiacjoe_overflow_24_doors
D:6:      layout_loops_ring, lemuel_round_altar, zin_scriptorium, serial_shops,
          nicolae_shop_rolling_square, nicolae_shop_waterfront,
          nicolae_shop_waterfront, gammafunk_ghost_necromancy, uniq_sigmund
D:7:      corexii_shantytown, layout_rooms, mainiacjoe_overflow_catwalk_spiral,
          minmay_temple_entry_glassed_door, chequers_ossuary_entry_cave,
          minmay_misc_feat_chi
D:8:      layout_basic, serial_shops, nicolae_shop_waterfront, enter_bailey_5,
          chequers_decorated_corner
D:9:      lemuel_troll_bridge, layout_basic, serial_bayou_crossing
D:10:     layout_basic, lair_entry_dummy, gammafunk_ghost_cemetery
D:11:     layout_cave_pools, orc_0_dummy, serial_ice, serial_ice_d,
          serial_ice_e, serial_ice_b, serial_ice_m,
          ebering_ghost_reflecting_pool, elyvilon_altar_3, uniq_erolcha
D:12:     layout_loops_ring, grunt_decor_clamped
D:13:     layout_cave_pools, enter_trove_3, serial_undead, serial_undead_e,
          serial_undead_f, serial_undead_c, serial_undead_d, serial_undead_e,
          serial_undead_c, uniq_kirke
D:14:     layout_loops_cross, david_vaults_1, kennysheep_pointless_box,
          minmay_crystal_water
D:15:     grunt_enter_depths_snipers, layout_grid_maze, corexii_corridor_pit,
          lemuel_zombie_altar_yredelemnul
Lair:1:   layout_big_grid, basic_altar, st_stairs_10, lemuel_fruit_tree,
          grunt_megastairs_5, infiniplex_staircase_pool
Lair:2:   layout_roguey, minmay_swamp_entry_eels, special_room
          [special_room_bee], dreamdust_gnoll_shepherd
Lair:3:   layout_roguey, spider_nest_entry_web_field, serial_bayou_shore_b
Lair:4:   layout_gridlike, dpeg_slime_entry_enclosed, special_room
          [special_room_mythical_zoo], lemuel_fruit_fields, uniq_sonja
Lair:5:   gammafunk_lair_ancient_temple, layout_long_grid, st_stairs_10,
          chequers_serial_rivers_micro_c, infiniplex_staircase_pool_2
Swamp:1:  layout_basic_swamp, evilmike_swamp_ruin_house_5
Swamp:2:  layout_basic_swamp, nicolae_swamp_tree_isthmus
Swamp:3:  layout_basic_swamp, serial_swamp_ruin, evilmike_swamp_ruin_house_2,
          hangedman_swamp_ruin_wall, evilmike_swamp_ruin_rubble_1
Swamp:4:  swamp_basic_johnstein, layout_basic_swamp, swamp_pool5
Spider:1: layout_spider_delve, hellmonk_spider_spawner
Spider:2: layout_chambers, uniq_roxanne
Spider:3: layout_spider_delve, spiders_nest_spider_trap, uniq_asterion
Spider:4: guppyfry_spider_rune, nicolae_spider_solar_radiation,
          hangedman_spider_tarantella_strand
Orc:1:    layout_diamond_mine, serial_shops, nicolae_shop_hallway_stairs,
          basic_altar, uniq_jorgrun, uniq_josephine
Orc:2:    st_orc_ogre_mass, layout_caves, nicolae_orc_lava_room
Vaults:1: hangedman_vaults_trim, v_rooms_6, nicolae_vaults_hallways_thing,
          v_rooms_6, nicolae_vaults_c_with_doors, hangedman_vaults_nodes,
          nicolae_vaults_circle_grid_b, vaults_room_fancy_cross,
          hangedman_vaults_corner, nicolae_vaults_weapon_check,
          nicolae_vaults_trapezoid_3, layout_vaults_omnicross
Vaults:2: ontoclasm_vaults_shuriken, st_squares, v_misc_16,
          blue_anna_dwarven_crypt, vaults_mumra_hex, nicolae_vaults_apartment_2,
          v_misc_19, nicolae_vaults_mini_display_case, nicolae_vaults_house_1,
          layout_vaults_omnigrid
Vaults:3: v_misc_30, v_misc_12, nicolae_vaults_little_squares_4,
          nicolae_vaults_taking_the_gang_shopping, v_misc_10,
          nicolae_vaults_storage_closets_1, nicolae_vaults_ring_of_whatevers,
          st_quartered_hall, hangedman_vaults_impose, vaults_room_ringed_pool,
          nicolae_vaults_closet_pinwheel_5, v_misc_23,
          nicolae_vaults_offset_grid_hallway_3, layout_vaults_maze_snakey,
          serial_shops, shop, uniq_bai_suzhen
Vaults:4: mu_enter_wizlab_6, hangedman_vaults_stitches,
          nicolae_vaults_lopsided_apartments, hangedman_vaults_impose,
          v_misc_11, nicolae_vaults_house_1, v_misc_17,
          ontoclasm_vaults_decontamination, ontoclasm_vaults_twist,
          grunt_vaults_hallway_short, nicolae_vaults_more_shelving_1,
          vaults_dpeg_cross, layout_vaults_ring, uniq_mennas, uniq_boris
WizLab:   wizlab_alistair

Skill      XL: |  1  2  3  4  5  6  7  8  9 10 11 12 13 14 15 16 17 18 19 20 21 22 |
---------------+-------------------------------------------------------------------+-----
Armour         | 3 4 5 7 9 10 12 13 15 16 18 20 21 22 23 | 23.2
Dodging        | 2 3 4 5 6 7 8 9 10 11 12 13 14 | 14.0
Maces & Flails | 4 5 7 8 10 11 12 14 15 16 17 18 19 20 21 22 | 22.1
Fighting       | 4 5 7 8 9 10 11 12 13 14 15 16 17 | 17.8
Shields        | 4 7 9 11 12 | 12.7
Evocations     | 4 6 |  6.0

Action                     |  1- 3 |  4- 6 |  7- 9 | 10-12 | 13-15 | 16-18 | 19-21 | 22-24 || total
---------------------------+-------+-------+-------+-------+-------+-------+-------+-------++-------
  Melee: Mace              |    97 |    60 |   286 |   753 |  1233 |  1663 |  1460 |   402 ||  5954
         Punch             |     1 |       |     1 |    10 |    17 |    11 |       |       ||    40
  Throw: Dart              |       |       |       |       |     1 |       |     2 |       ||     3
 Invoke: Berserk           |       |     1 |     1 |     1 |     3 |     2 |       |     1 ||     9
         Trog's Hand       |       |       |       |       |       |     2 |       |       ||     2
         Brothers in Arms  |       |       |       |       |       |     1 |       |     1 ||     2
  Evoke: Wand              |       |       |       |       |       |     1 |       |       ||     1
    Use: Scroll            |     1 |       |    10 |     4 |    13 |     9 |     8 |     2 ||    47
         Potion            |       |       |       |       |     3 |     3 |     1 |     3 ||    10
   Stab: Sleeping          |       |       |     2 |       |       |       |       |       ||     2
 Armour: Animal skin       |    38 |     4 |       |       |       |       |       |       ||    42
         Leather armour    |       |    12 |    85 |    10 |       |       |       |       ||   107
         Skin              |       |     2 |       |       |       |       |       |       ||     2
         Scale mail        |       |       |       |   316 |   580 |  1067 |    70 |       ||  2033
         Chain mail        |       |       |       |       |       |       |   807 |     1 ||   808
         Plate armour      |       |       |       |       |       |       |       |   184 ||   184
  Dodge: Dodged            |    54 |    31 |   170 |   602 |  1259 |  1652 |  1224 |   207 ||  5199
  Block: Kite shield       |       |       |       |       |       |   815 |  1124 |   278 ||  2217
         Reflection        |       |       |       |       |       |       |       |     7 ||     7
